AoeStats
← Kitiastri
◆

Unknown

498141137Analyzed
4v4 RM · 2mo ago on Aug 8, 2026· 41m 10s· 8 players
Game mode
Random Map
Map size
Large (8 player)
Population
200
Speed
Normal
Resources
Standard
Victory
Conquest
Starting age
Dark Age
Ending age
Dark Age
RankedLock teamsTeams togetherTeam positionsShared explorationLock speedFull tech treeHidden civsTurbo modeCheats
Victory
Defeat
🇨🇭 Wei · Switzerland
1472
+8
🇷🇺 Mapuche · Russia
1459
+9
🇬🇧 Dravidians · United Kingdom
1382
+12
🇺🇸 Inca · United States
1360
+13
🇩🇪 Burgundians · Germany
1394
-15
🇬🇧 Gurjaras · United Kingdom
1371
-14
🇳🇴 Huns · Norway
1216
-8
🇳🇴 Teutons · Norway
1195
-7
Horagalles
9:52 Loom
11:38 Feudal Age
15:55 Castle Age
14:12 Double-Bit Axe
16:52 Scale Barding Armor
22:03 Loom
26:50 Chain Barding Armor
29:36 Bloodlines
36:36 Imperial Age
34:23 Fishing Lines
38:15 Guilds
37:43 Cavalier
38:59 Plate Barding Armor
38:35 Forging
38:47 Bow Saw
Armitte
6:30 Loom
9:23 Feudal Age
11:37 Fletching
17:33 Horse Collar
25:44 Castle Age
25:33 Padded Archer Armor
25:55 Crossbowman
26:31 Bodkin Arrow
27:15 Gold Mining
27:11 Double-Bit Axe
28:57 Ballistics
29:47 Guard Tower
30:57 Bow Saw
30:48 Heavy Plow
34:46 Gold Shaft Mining
38:31 Imperial Age
37:51 Two-Man Saw
40:25 Chemistry
40:55 Keep
40:31 Bracer
Kitiastri
0:31 Loom
12:42 Feudal Age
13:52 Double-Bit Axe
13:49 Horse Collar
16:25 Castle Age
14:39 Town Watch
17:32 Bow Saw
17:24 Heavy Plow
29:33 Wheelbarrow
29:00 Gold Mining
29:00 Stone Mining
34:11 Imperial Age
31:44 Scale Mail Armor
31:54 Forging
32:17 Kshatriyas
33:51 Chain Mail Armor
34:11 Iron Casting
33:54 Chain Mail Armor
34:14 Masonry
36:39 Fletching
38:01 Plate Mail Armor
37:54 Arson
37:36 Elite Chakram Thrower
Basse
3:33 Loom
13:33 Feudal Age
17:44 Castle Age
16:36 Double-Bit Axe
24:24 Bow Saw
24:32 Scale Barding Armor
24:37 Forging
26:05 Fishing Lines
28:18 Gillnets
29:21 Caravan
30:24 Horse Collar
31:20 Wheelbarrow
30:31 Town Watch
31:17 Chain Barding Armor
31:32 Iron Casting
34:50 Imperial Age
32:44 Gold Mining
32:44 Stone Mining
34:34 Bloodlines
34:40 Bloodlines
36:45 Chemistry
37:13 Plate Barding Armor
37:22 Hand Cart
38:59 Conscription
39:56 Two-Man Saw
40:08 Squires
39:39 Elite Teutonic Knight
sco7ch
12:16 Feudal Age
16:00 Castle Age
14:23 Double-Bit Axe
16:06 Light Cavalry
27:06 Fishing Lines
29:24 Gillnets
30:47 Horse Collar
33:05 Wheelbarrow
32:32 Heavy Plow
36:04 Imperial Age
33:20 Loom
35:55 Bow Saw
36:01 Bloodlines
35:52 Husbandry
36:59 Hand Cart
36:06 Heavy Hei Guang Cavalry
37:22 Scale Barding Armor
37:13 Gold Mining
38:10 Conscription
37:27 Capped Ram
38:24 Siege Ram
39:45 Chain Barding Armor
39:37 Forging
40:00 Town Watch
Marbas
0:41 Loom
11:19 Feudal Age
12:33 Double-Bit Axe
15:44 Castle Age
13:58 Double-Bit Axe
14:30 Gold Mining
14:43 Fletching
16:41 Bow Saw
18:20 Horse Collar
24:55 Bodkin Arrow
26:10 Padded Archer Armor
31:05 Wheelbarrow
30:41 Stone Mining
31:28 Gold Shaft Mining
31:06 Heavy Plow
31:52 Town Watch
32:46 Hand Cart
32:24 Pikeman
33:06 Scale Mail Armor
35:54 Stone Shaft Mining
38:21 Imperial Age
36:07 Forging
37:08 Leather Archer Armor
37:16 Ballistics
40:06 Chemistry
39:38 Ring Archer Armor
38:34 Elite Bolas Rider
41:48 Malon
42:09 Conscription
wylyu
0:47 Loom
10:00 Feudal Age
12:07 Fletching
29:15 Castle Age
28:32 Double-Bit Axe
35:21 Town Watch
40:47 Imperial Age
39:07 Bow Saw
40:55 Wheelbarrow
41:17 Bodkin Arrow
Dreamer2599
5:55 Loom
12:41 Feudal Age
16:30 Castle Age
14:25 Double-Bit Axe
14:24 Fishing Lines
17:27 Gillnets
19:06 Wheelbarrow
18:52 Bow Saw
20:32 Horse Collar
25:11 Stone Mining
25:14 Gold Mining
27:40 Hand Cart
30:03 Imperial Age
28:52 Scale Mail Armor
29:03 Forging
30:25 Chain Mail Armor
30:52 Arson
31:07 Squires
30:44 Capped Ram
32:07 Siege Engineers
32:53 Conscription
32:55 Fabric Shields
33:09 Elite Kamayuk
34:05 Siege Ram
36:50 Hoardings
37:38 Plate Mail Armor
37:43 Iron Casting
41:59 Iron Casting
Connection lost

Rejoining the realm…

Still unreachable

The connection could not be restored.

Session expired

The server has moved on; the page needs a fresh start.